 Dungeon Crawl Stone Soup version 0.29.1-12-g30fa7ad0bf (webtiles) character file.

Game seed: 9399067346587471058

26320 sanboga the Severer (level 12, -1/101 HPs)
             Began as a Minotaur Monk on Dec 23, 2022.
             Was a High Priest of Hepliaklqana.
             Shot with a bolt by an orc knight (27 damage)
             ... on level 13 of the Dungeon.
             The game lasted 00:15:21 (16278 turns).

sanboga the Severer (Minotaur Monk)                Turns: 16278, Time: 00:15:22

Health: -1/101     AC: 18    Str: 22    XL:     12   Next: 97%
Magic:  11/11      EV: 11    Int:  7    God:    Hepliaklqana [*****.]
Gold:   581        SH: 11    Dex: 12    Spells: 11/11 levels left

rFire   . . .      SeeInvis .   i - +0 war axe (drain)
rCold   . . .      Faith    .   t - +0 kite shield
rNeg    . . .      Spirit   .   z - +0 plate armour
rPois   .          Reflect  .   (helmet restricted)
rElec   .          Harm     .   y - +0 cloak
rCorr   .          Rampage  .   m - +0 pair of gloves
Will    .....                   (no boots)
Stlth   ..........              (no amulet)
HPRegen 0.26/turn               g - ring of flight
MPRegen 0.12/turn               q - +4 ring of evasion

@: flying
A: reduced essence, horns 2, retaliatory headbutt
a: Renounce Religion, Recall Ancestor, Ancestor Identity, Transference, Idealise


You were on level 13 of the Dungeon.
You worshipped Hepliaklqana.
Hepliaklqana was extremely pleased with you.
You visited 1 branch of the dungeon, and saw 13 of its levels.
You also visited: Ossuary.

You collected 581 gold pieces.

Inventory:

Hand Weapons
 i - a +0 war axe of draining (weapon)
 r - a +3 scimitar of flaming
Armour
 l - the +6 tower shield of the Lobster {*Slow rN+ Regen+ Str+3}
   (You found it on level 7 of the Dungeon)

   Str:       It affects your strength (+3).
   rN:        It protects you from negative energy.
   Regen:     It increases your rate of health regeneration.
   *Slow:     It may slow you when you take damage.
 m - a +0 pair of gloves (worn)
 t - a +0 kite shield (worn)
 y - a +0 cloak (worn)
 z - a +0 plate armour (worn)
Jewellery
 g - a ring of flight (left hand)
 q - a +4 ring of evasion (right hand)
Wands
 e - a wand of paralysis (20)
 u - a wand of polymorph (8)
 w - a wand of mindburst (19)
 x - a wand of flame (18)
 A - a wand of acid (3)
Scrolls
 a - a scroll of enchant weapon
 c - a scroll of identify
 d - 4 scrolls of magic mapping
 h - 6 scrolls of teleportation
 n - 2 scrolls of blinking
 B - 5 scrolls of fear
Potions
 b - a potion of berserk rage
 p - 4 potions of mutation
 v - a potion of haste
 C - 6 potions of heal wounds
 D - 4 potions of might
 F - 8 potions of curing
 G - 4 potions of resistance


   Skills:
 + Level 12.9 Fighting
 * Level 17.4 Axes
 + Level 12.3 Armour
 - Level 3.2 Dodging
 - Level 1.5 Stealth
 + Level 9.5 Shields


You had 11 spell levels left.
You didn't know any spells.
Your spell library contained the following spells:

 Spells                   Type           Power      Damage    Failure   Level
 Magic Dart               Conj           0%         1d3       100%        1
 Blink                    Tloc           0%         N/A       100%        2
 Poisonous Vapours        Pois/Air       0%         N/A       100%        2
 Searing Ray              Conj           0%         2d4       100%        2
 Static Discharge         Conj/Air       0%         3-3/arc   100%        2
 Confusing Touch          Hex            0%         N/A       100%        3
 Conjure Flame            Conj/Fire      0%         6-21      100%        3
 Frozen Ramparts          Ice            0%         1d1       100%        3
 Gell's Gravitas          Tloc           0%         N/A       100%        3
 Ignite Poison            Fire/Tmut/Pois 0%         N/A       100%        3
 Lesser Beckoning         Tloc           0%         N/A       100%        3
 Portal Projectile        Hex/Tloc       0%         N/A       100%        3
 Teleport Other           Tloc           0%         N/A       100%        3
 Tukima's Dance           Hex            0%         N/A       100%        3
 Cause Fear               Hex            0%         N/A       100%        4
 Corpse Rot               Necr/Pois/Air  0%         N/A       100%        4
 Dispel Undead            Necr           0%         3d6       100%        4
 Fulminant Prism          Conj/Hex       0%         3d6       100%        4
 Ice Form                 Ice/Tmut       0%         N/A       100%        4
 Sticky Flame             Conj/Fire      0%         2d3       100%        4
 Summon Ice Beast         Ice/Summ       0%         N/A       100%        4
 Blade Hands              Tmut           0%         N/A       100%        5
 Freezing Cloud           Conj/Ice/Air   0%         6-21      100%        5
 Irradiate                Conj/Tmut      0%         3d11      100%        5
 Manifold Assault         Tloc           0%         N/A       100%        5
 Yara's Violent Unravell  Hex/Tmut       0%         3d3       100%        5
 Simulacrum               Ice/Necr       0%         N/A       100%        6
 Dragon Form              Tmut           0%         N/A       100%        7
 Enfeeble                 Hex            0%         N/A       100%        7
 Dragon's Call            Summ           0%         N/A       100%        9
 Polar Vortex             Ice            0%         N/A       100%        9


Dungeon Overview and Level Annotations

Branches:
Dungeon (13/15)            Temple (0/1) D:7            Lair (0/5) D:10
    Orc (0/2) D:12         Vaults (0/5) D:13        Ossuary (visited)

Altars:
Cheibriados
Dithmenos
Fedhas
Hepliaklqana
Nemelex Xobeh
Qazlal
Ru
Sif Muna
Wu Jian
Zin

Shops:
D:7 (   D:8 :


Innate Abilities, Weirdness & Mutations

Your life essence is reduced to manifest your ancestor. (-10% HP)
You have a pair of horns on your head.
You reflexively headbutt those who attack you in melee.


Message History

Chuck McBro drains the vault guard.
You barely miss the vault guard.
The vault guard is moderately wounded.
The vault guard hits you but does no damage.
The vault guard hits Chuck McBro with a +0 battleaxe!
The orc knight hits you but does no damage.
Chuck McBro hits the vault guard but does no damage.
Chuck McBro hits the vault guard with a +0 dagger of draining.
Chuck McBro drains the vault guard.
You slice the vault guard!! You drain the vault guard.
The vault guard is severely wounded.
The vault guard hits you with a +0 battleaxe!
The vault guard closely misses Chuck McBro.
The orc knight hits you from afar with a +2 halberd of freezing!
The orc knight freezes you.
Chuck McBro completely misses the vault guard.
You slash the vault guard!
You headbutt the vault guard, but do no damage.
The vault guard is almost dead.
Chuck McBro barely misses the vault guard.
The vault guard hits you with a +0 battleaxe.
* * * LOW HITPOINT WARNING * * *
The vault guard hits Chuck McBro with a +0 battleaxe!
You block the orc knight's attack.
Chuck McBro hits the vault guard with a +0 dagger of draining.
Chuck McBro drains the vault guard.
You barely miss the vault guard.
The vault guard is almost dead.
Chuck McBro gestures at the vault guard while chanting.
The vault guard easily resists.
The vault guard hits Chuck McBro with a +0 battleaxe!!
Chuck McBro is destroyed!
The vault guard closely misses you. You block the orc knight's attack.
The vault guard shouts!
You completely miss the vault guard. You headbutt the vault guard.
You kill the vault guard!
The orc knight unwields a +2 halberd of freezing.
The orc knight wields a +0 arbalest.
The orc knight shoots a bolt.
The bolt hits you!!
You die...

### .⌠# ∩.# .# .# .o#
.#######.#########)######
.........##(.............
... .... #...).@........
..# #..# #...).....$....
..# #..# ##'####.#.####+
..# #..# #...# #...#
..####..###)).# #...#
.........##...# #...#
.........###).###+++#
##........≈≈≈≈≈≈~...
#........~≈≈≈≈≈~...


You could see an orc knight.

Vanquished Creatures
  2 vault guards (D:13)
  Erica (D:11)
  5 two-headed ogres
  3 centaur warriors (D:13)
  A deep elf knight (D:13)
  A manticore (D:7)
  An orc sorcerer (D:13)
  3 ugly things
  A deep elf pyromancer (D:12)
  3 gargoyles
  A kobold demonologist (D:10)
  A komodo dragon (D:10)
  A yaktaur (D:13)
  2 trolls (D:12)
  5 slime creatures (D:13)
  5 wyverns
  A wraith (D:11)
  8 yaks (D:10)
  A shadow (D:12)
  6 vampire mosquitoes (D:12)
  4 acid dragons
  2 water moccasins
  5 orc warriors
  A sky beast (D:7)
  A black bear (D:8)
  3 centaurs
  2 phantoms (D:4)
  A kobold brigand (D:9)
  3 bullfrogs
  A necrophage (D:7)
  3 scorpions
  5 wights
  7 killer bees
  3 howler monkeys
  3 jellies
  A human zombie (Ossuary)
  6 hounds
  5 orc priests
  6 iguanas
  A gnoll bouda (D:4)
  2 orc wizards
  A hexer (D:8)
  3 mummies (Ossuary)
  7 gnolls
  3 adders
  A shadow imp (D:8)
  3 ufetubi
  4 worms (D:2)
  A dart slug (D:4)
  27 orcs
  3 bats
  4 endoplasms
  6 goblins
  6 hobgoblins
  7 jackals
  15 kobolds
  3 quokkas
  5 ball pythons
  2 frilled lizards (D:3)
  3 gnoll zombies (Ossuary)
  A hobgoblin zombie (Ossuary)
  2 kobold zombies (Ossuary)
  5 rats
229 creatures vanquished.

Vanquished Creatures (collateral kills)
  A vault guard (D:13)
  A boulder beetle (D:11)
  4 two-headed ogres
  A wizard (D:13)
  A deep elf pyromancer (D:8)
  An oklob plant (D:10)
  2 ugly things
  An unseen horror (D:7)
  A hornet (D:8)
  A shadow (D:12)
  A wraith (D:13)
  A vampire (D:12)
  3 yaks (D:10)
  A vampire mosquito (D:12)
  A water moccasin (D:7)
  An ogre (D:6)
  A gnoll sergeant (D:12)
  A bullfrog (D:9)
  2 scorpions
  2 wights (D:6)
  3 killer bees
  A hound (D:7)
  An iguana (D:5)
  An orc wizard (D:7)
  3 mummies (Ossuary)
  A gnoll (D:12)
  4 orcs
  A gnoll zombie (Ossuary)
  2 bushes (D:10)
45 creatures vanquished.

Vanquished Creatures (others)
  2 hexers (D:13)
  16 fungi (D:10)
  19 plants (D:10)
37 creatures vanquished.

Grand Total: 311 creatures vanquished

Notes
Turn   | Place    | Note
-------+----------+-------------------------------------------
     0 | D:1      | sanboga the Minotaur Monk began the quest for the Orb.
     0 | D:1      | Reached XP level 1. HP: 19/19 MP: 0/0
   135 | D:1      | Found a faded altar of an unknown god.
   637 | D:1      | Reached skill level 4 in Axes
   637 | D:1      | Reached XP level 2. HP: 27/27 MP: 1/1
  1009 | D:2      | Reached skill level 1 in Armour
  1477 | D:2      | Reached XP level 3. HP: 29/33 MP: 2/2
  2484 | D:3      | Reached skill level 5 in Axes
  2484 | D:3      | Reached XP level 4. HP: 31/41 MP: 3/3
  3399 | D:4      | Noticed a phantom
  3410 | D:4      | Killed a phantom
  3411 | D:4      | Reached XP level 5. HP: 27/47 MP: 4/4
  3693 | D:4      | Found a runed translucent door.
  3694 | D:4      | Noticed Crazy Yiuf
  3746 | D:4      | Found a sacrificial altar of Ru.
  3748 | D:4      | Found an ornate altar of the Wu Jian Council.
  3753 | D:4      | Noticed a phantom
  3761 | D:4      | Killed a phantom
  3762 | D:4      | Reached skill level 5 in Fighting
  3762 | D:4      | Reached skill level 6 in Axes
  3813 | D:4      | Reached XP level 6. HP: 45/56 MP: 5/5
  4137 | D:4      | Noticed Edmund
  4138 | D:4      | Noticed Edmund
  4138 | D:4      | Edmund changed into Edmund the ball python
  4141 | D:4      | Killed Edmund the ball python
  4334 | D:4      | Noticed Crazy Yiuf
  4334 | D:4      | Crazy Yiuf changed into Crazy Yiuf the iguana
  4339 | D:4      | Killed Crazy Yiuf the iguana
  4615 | D:5      | Entered Level 5 of the Dungeon
  4664 | D:5      | Reached skill level 7 in Axes
  4755 | D:5      | Found a shadowy altar of Dithmenos.
  4895 | D:5      | Found a hazy altar of Hepliaklqana.
  4933 | D:5      | Became a worshipper of Hepliaklqana the Forgotten
  4933 | D:5      | Reached * piety under Hepliaklqana
  4933 | D:5      | Reached ** piety under Hepliaklqana
  4934 | D:5      | Remembered your ancestor Chuck McBro as a hexer
  5036 | D:5      | Reached XP level 7. HP: 55/55 MP: 6/6
  5822 | D:6      | Found a sand-covered staircase.
  5826 | Ossuary  | Entered an ossuary
  5885 | Ossuary  | Reached skill level 8 in Axes
  6204 | D:6      | Reached skill level 5 in Armour
  6410 | D:6      | Reached XP level 8. HP: 54/63 MP: 7/7
  6585 | D:6      | Reached skill level 9 in Axes
  7213 | D:7      | Found a staircase to the Ecumenical Temple.
  7226 | D:7      | Found a snail-covered altar of Cheibriados.
  7235 | D:7      | Reached *** piety under Hepliaklqana
  7254 | D:7      | Reached skill level 10 in Axes
  7514 | D:7      | Noticed a manticore
  7521 | D:7      | Killed a manticore
  7522 | D:7      | Reached XP level 9. HP: 26/72 MP: 8/8
  7525 | D:7      | Noticed a purple ugly thing
  7540 | D:7      | Killed an unseen horror
  7541 | D:7      | Reached skill level 11 in Axes
  7738 | D:7      | Killed a purple ugly thing
  8032 | D:7      | Found Vapusen's Antique Weapon Shop.
  8096 | D:7      | Identified the +6 tower shield of the Lobster {*Slow rN+
                  | Regen+ Str+3}
  8415 | D:8      | Reached skill level 1 in Shields
  8417 | D:8      | Reached skill level 12 in Axes
  9008 | D:8      | Reached **** piety under Hepliaklqana
  9221 | D:8      | Found Wocemimmi's Book Shoppe.
  9288 | D:8      | Reached XP level 10. HP: 67/80 MP: 9/9
  9545 | D:8      | Found a glowing silver altar of Zin.
  9592 | D:8      | Noticed a deep elf pyromancer
  9598 | D:8      | Killed a deep elf pyromancer
  9834 | D:9      | Found a stormy altar of Qazlal.
 10034 | D:9      | Found a shimmering blue altar of Sif Muna.
 10305 | D:9      | Reached skill level 13 in Axes
 10578 | D:9      | Noticed a two-headed ogre
 10586 | D:9      | Killed a two-headed ogre
 10589 | D:9      | Reached skill level 10 in Fighting
 11022 | D:10     | Entered Level 10 of the Dungeon
 11056 | D:10     | Reached skill level 5 in Shields
 11180 | D:10     | Noticed a smoke demon
 11282 | D:10     | Reached skill level 14 in Axes
 11350 | D:10     | Noticed a two-headed ogre
 11354 | D:10     | Reached XP level 11. HP: 59/90 MP: 10/10
 11355 | D:10     | Killed a two-headed ogre
 11576 | D:10     | Reached skill level 10 in Armour
 11800 | D:10     | Found a sparkling altar of Nemelex Xobeh.
 11998 | D:10     | Found a blossoming altar of Fedhas.
 12010 | D:10     | Noticed an oklob plant
 12079 | D:10     | Killed an oklob plant
 12225 | D:10     | Found a staircase to the Lair.
 12525 | D:11     | Noticed a two-headed ogre
 12532 | D:11     | Killed a two-headed ogre
 12768 | D:11     | Reached ***** piety under Hepliaklqana
 12773 | D:11     | Noticed Erica
 12773 | D:11     | Noticed a two-headed ogre
 12782 | D:11     | Killed Erica
 12782 | D:11     | Killed a two-headed ogre
 12783 | D:11     | Reached skill level 15 in Axes
 12932 | D:11     | Noticed a two-headed ogre
 12942 | D:11     | Killed a two-headed ogre
 13287 | D:11     | Noticed a two-headed ogre
 13292 | D:11     | Killed a two-headed ogre
 13350 | D:11     | Identified the +9 spear "Raizuki" {flame, Will+ Int+2}
 13385 | D:11     | Noticed a two-headed ogre
 13391 | D:11     | Killed a two-headed ogre
 13606 | D:12     | Noticed a boulder beetle
 13606 | D:12     | Noticed a white ugly thing
 13634 | D:11     | Killed a boulder beetle
 13635 | D:11     | Killed a white ugly thing
 13844 | D:12     | Reached XP level 12. HP: 86/99 MP: 11/11
 13961 | D:12     | Reached skill level 16 in Axes
 14028 | D:12     | Found a staircase to the Orcish Mines.
 14775 | D:13     | Noticed a two-headed ogre
 14776 | D:13     | Noticed a two-headed ogre
 14782 | D:13     | Killed a two-headed ogre
 14792 | D:13     | Killed a two-headed ogre
 14847 | D:13     | Noticed a centaur warrior
 15176 | D:13     | Killed a centaur warrior
 15385 | D:13     | Noticed a centaur warrior
 15398 | D:13     | Killed a centaur warrior
 15762 | D:13     | Noticed a centaur warrior
 15773 | D:13     | Killed a centaur warrior
 15779 | D:13     | Reached skill level 17 in Axes
 16086 | D:13     | Noticed a vault guard
 16099 | D:13     | Killed a vault guard
 16110 | D:13     | Noticed a vault guard
 16120 | D:13     | Killed a vault guard
 16120 | D:13     | Paralysed by an orc sorcerer for 5 turns
 16269 | D:13     | Found a gate to the Vaults.
 16270 | D:13     | Noticed a vault guard
 16277 | D:13     | Killed a vault guard
 16278 | D:13     | Shot with a bolt by an orc knight

Illustrated notes

Levels and vault maps discovered:
D:1:      lemuel_arrival_rhombus, layout_loops_ring,
          hellmonk_ecumenical_altar_arch_garden, fountainhead, minmay_liquid_box
D:2:      layout_basic
D:3:      layout_basic
D:4:      layout_basic, nicolae_overflow_squiral, st_stairs_1, uniq_edmund,
          uniq_crazy_yiuf_cottage
D:5:      layout_loops_corners, grunt_dithmenos_smoke,
          nzn_hepliaklqana_mist_gate
D:6:      layout_basic, enter_ossuary_5, minmay_crystal_room
D:7:      minmay_cornered_nines, layout_basic, cheibriados_altar_1,
          minmay_temple_entry_glass, serial_shops, shop,
          nicolae_elevator_lobby_asterisk
D:8:      layout_loops_ring, zin_statuary, serial_shops, kennysheep_mini,
          guppyfry_early_elven_hall
D:9:      layout_loops_corners, nicolae_qazlal_general_emergency,
          marbit_many_paths, minmay_misc_feat_cross
D:10:     layout_small_grid, nemelex_xobeh_ov_fountains_minmay, tgw_fedhas,
          grunt_lair_entry_orc_guard_hut, kennysheep_dice
D:11:     layout_stronghold, uniq_erica
D:12:     layout_cave_pools, orc_0_dummy, serial_column_ruins,
          column_ruins_grid_5, column_ruins_grid_1, column_ruins_open_small,
          column_ruins_grid_1, column_ruins_grid_3, column_ruins_open_tiny
D:13:     layout_small_grid, grunt_vaults_entry_fortified

Skill      XL: |  1  2  3  4  5  6  7  8  9 10 11 12 |
---------------+-------------------------------------+-----
Axes           | 4 5 6 7 8 10 12 14 15 17 | 17.4
Armour         | 1 2 3 4 5 7 8 9 11 12 | 12.3
Fighting       | 4 5 6 8 9 10 11 12 | 12.9
Shields        | 2 5 7 9 |  9.5
Dodging        | |  3.2
Stealth        | |  1.5

Action                   |  1- 3 |  4- 6 |  7- 9 | 10-12 || total
-------------------------+-------+-------+-------+-------++-------
Melee: Hand axe          |   101 |   146 |   167 |       ||   414
       Headbutt          |    18 |    21 |    48 |    79 ||   166
       Punch             |     1 |       |     6 |       ||     7
       War axe           |       |       |    47 |   334 ||   381
Invok: Ancestor Life: He |       |     1 |       |       ||     1
       Ancestor Identity |       |     1 |       |       ||     1
       Recall Ancestor   |       |       |     1 |       ||     1
Evoke: Wand              |       |     2 |       |     1 ||     3
  Use: Scroll            |       |       |    13 |    13 ||    26
       Potion            |       |       |       |     2 ||     2
 Stab: Sleeping          |     4 |       |       |       ||     4
       Confused          |       |       |    10 |     5 ||    15
       Distracted        |       |       |     3 |    15 ||    18
Armor: Robe              |    11 |       |       |       ||    11
       Chain mail        |     6 |    59 |    96 |    15 ||   176
       Plate armour      |       |       |       |   106 ||   106
Dodge: Dodged            |    58 |    68 |    72 |    85 ||   283
       Repelled          |       |     1 |       |       ||     1
Block: Kite shield       |       |       |    17 |   151 ||   168
